 Dungeon Sprint DCSS version 0.17-a0-1946-gfb768fe (webtiles) character file.

79 esc the Insei (level 4, -6/32 HPs)
             Began as an Octopode Transmuter on Oct 1, 2015.
             Mangled by a water elemental (15 damage)
             ... in the Dungeon (Sprint III: "The Ten Rune Challenge").
             The game lasted 00:02:38 (845 turns).

esc the Insei (Octopode Transmuter)                  Turns: 845, Time: 00:02:38

Health: -6/32      AC:  2    Str:  9    XL:     4   Next: 38%
Magic:  3/9        EV: 22    Int: 16    God:
Gold:   0          SH:  0    Dex: 17    Spells: 3 memorised, 4 levels left

rFire  . . .     SeeInvis .       - Unarmed
rCold  . . .     Clarity  .     (shield currently unavailable)
rNeg   . . .     SustAt   .     (helmet currently unavailable)
rPois  x         Gourm    .     (no amulet)
rElec  .         Spirit   .     (no ring)
rCorr  .         Warding  .     (no ring)
rMut   .         NoTele   +     (no ring)
MR     .....                    (no ring)
Stlth  ++........               (no ring)
                                (no ring)
                                (no ring)
                                (no ring)

@: spider-form, engulfed (cannot breathe), very slightly contaminated, not
resistant to hostile enchantments, unstealthy
A: almost no armour, amphibious, 8 rings, (constrict 8), (camouflage 0),
(gelatinous body 0)
a: End Transformation


You were in the Dungeon.
You were not hungry.
You were a venomous arachnid creature.
You visited 1 branch

Inventory:

Missiles
 a - 12 arrows
Scrolls
 i - a scroll of blinking {!r}
Potions
 d - a potion of curing
 e - a potion of heal wounds
 f - a potion of haste
 g - 2 potions of magic
 h - a potion of ambrosia {unknown}
Books
 b - a book of Changes
Comestibles
 c - a bread ration {@e1}


   Skills:
 + Level 3.6 Fighting
 + Level 4.0 Dodging
 + Level 4.7 Unarmed Combat
 + Level 3.8 Spellcasting
 + Level 4.1 Transmutations


You had 4 spell levels left.
You knew the following spells:

 Your Spells              Type           Power        Failure   Level  Hunger
a - Beastly Appendage     Trmt           ###...       12%         1    None
c - Spider Form           Trmt/Pois      #.........   41%         3    ###....
s - Sticks to Snakes      Trmt           ###.......   17%         2    ##.....


Dungeon Overview and Level Annotations

Branches:
Dungeon (1/1)

Altars:


Innate Abilities, Weirdness & Mutations

You cannot wear most types of armour.
You are amphibious.
You can wear up to eight rings at the same time.
((You can use your tentacles to constrict eight enemies at once.))
((Your skin changes colour to match your surroundings (Stealth).))
((Your rubbery body absorbs attacks (AC +1).))


Message History

You open the door.
There is an open door here.
Memorise Spider Form, consuming 3 spell levels and leaving 4?
You start memorising the spell.
You continue memorising.
You continue memorising. x2
You finish memorising.
Spell assigned to 'c'.
A human comes into view.
You miscast Spider Form.
You are very lightly contaminated with residual magic.
You feel a strange surge of energy!
You now have 4/7 mp.
You turn into a venomous arachnid creature.
You now have 1/7 mp.
You hit the human.
The human is poisoned.
The human completely misses you.
You bite the human!
Your transformation is almost over.
The human hits you.
You take 2 damage, and have 23/25 hp.
You hit the human but do no damage.
The human looks even sicker.
The human hits you.
You take 1 damage, and have 22/25 hp.
You hit the human. The human hits you.
You take 1 damage, and have 21/25 hp.
You barely miss the human. You hit the human but do no damage.
The human hits you.
You take 5 damage, and have 16/25 hp.
Unknown command.
You barely miss the human. The human closely misses you.
You barely miss the human. The human completely misses you.
You bite the human! The human closely misses you.
You barely miss the human.
You kill the human!
Your Fighting skill increases to level 3!
You start resting.
Your transformation has ended.
You start resting.
Your magical contamination has completely faded away.
You regained 2 hp, and now have 18/26 hp.
You regained 2 mp, and now have 4/7 mp.
You start resting.
All of the chunks of flesh in your inventory have rotted away.
Health restored: 26; MP restored: 7 Crazy Yiuf the Enlightened comes into view.
He is wielding a quarterstaff of chaos.
You turn into a venomous arachnid creature.
You now have 4/7 mp.
You hit Crazy Yiuf.
Crazy Yiuf hits you with a quarterstaff of chaos!
You take 12 damage, and have 14/26 hp.
MASSIVE DAMAGE!!
You hit Crazy Yiuf.
Crazy Yiuf is poisoned.
Crazy Yiuf hits you with a quarterstaff of chaos.
* * * LOW HITPOINT WARNING * * *
You take 7 damage, and have 7/26 hp.
MASSIVE DAMAGE!!
Your transformation is almost over.
You hit Crazy Yiuf.
You kill Crazy Yiuf!
Your Dodging skill increases to level 4!
Your Transmutations skill increases to level 4!
You have reached level 4!
h - a bubbling ruby potion
Things that are here:
a quarterstaff of chaos; an embroidered cloak; the gnoll corpse of Crazy Yiuf You butcher the gnoll corpse of Crazy Yiuf.
Your transformation has ended.
j - 2 chunks of flesh {@w0}
Things that are here:
a quarterstaff of chaos; an embroidered cloak There isn't anything to butcher here.
You start resting.
Eating one of 2 chunks of flesh {@w0}.
You continue eating. x2
Health restored: 32; MP restored: 9 All of the chunks of flesh in your inventory have rotted away.
As you open the door, it creaks loudly!
A water elemental comes into view.
The water elemental moves out of view.
You close the door.
Unknown command.
You miscast Spider Form.
You are very lightly contaminated with residual magic.
Nothing appears to happen.
You now have 6/9 mp.
Memorise Sticks to Snakes, consuming 2 spell levels and leaving 4?
You start memorising the spell.
You continue memorising.
You continue memorising.
You finish memorising.
Spell assigned to 's'.
You turn into a venomous arachnid creature.
You now have 3/9 mp.
You open the door. You hit the water elemental. The water elemental hits you!!
Ouch! That really hurt!
The water elemental engulfs you in water!
You take 19 damage, and have 13/32 hp.
MASSIVE DAMAGE!!
You completely miss the water elemental.
* * * LOW HITPOINT WARNING * * *
Your lungs strain for air!
The water elemental hits you!
You die...

▓▓▓ ▓▓▓▓▓ ▓▓▓ <.# +...♣♣
♣.# ..# #....♣♣ ♣.#
#'####.....♣♣ ♣♣.#
.....#....≈.♣♣♣..###+#+#
.....#...≈≈♣♣.♣..#......
.....#..≈≈≈≈♣♣..sE.⌠....
####'#..≈≈≈≈≈≈.♣.#...###
..[..#.≈≈≈≈≈≈....# ⌠.#
.....#.≈≈≈≈≈.....# .#
.....#.≈≈≈.......# #
'#####)..........#
.................#
▓▓▓▓▓▓▓▓▓▓▓▓▓▓▓▓▓▓


You could see a water elemental.

Vanquished Creatures
  Crazy Yiuf (D)
  Jessica (D)
  A human (D)
  An ooze (D)
  2 rats (D)
6 creatures vanquished.

Vanquished Creatures (others)
  2 draconian scorchers (D)
  A yaktaur (D)
  A plant (D)
4 creatures vanquished.

Grand Total: 10 creatures vanquished

Notes
Turn   | Place    | Note
--------------------------------------------------------------
     0 | D        | esc the Octopode Transmuter began the quest for the Orb.
     0 | D        | Reached XP level 1. HP: 13/13 MP: 3/3
     8 | D        | HP: 2/13 [ooze (2)]
   140 | D        | Killed a white draconian scorcher
   180 | D        | Killed a white draconian scorcher
   263 | D        | Killed a yaktaur
   315 | D        | Noticed Jessica
   322 | D        | Killed Jessica
   322 | D        | Reached skill level 2 in Fighting
   322 | D        | Reached skill level 3 in Dodging
   322 | D        | Reached skill level 4 in Unarmed Combat
   322 | D        | Reached skill level 3 in Spellcasting
   322 | D        | Reached skill level 3 in Transmutations
   322 | D        | Reached XP level 2. HP: 20/20 MP: 3/6
   322 | D        | Reached XP level 3. HP: 25/25 MP: 3/7
   412 | D        | Learned a level 3 spell: Spider Form
   441 | D        | Reached skill level 3 in Fighting
   566 | D        | Noticed Crazy Yiuf
   578 | D        | Killed Crazy Yiuf
   578 | D        | Reached skill level 4 in Dodging
   578 | D        | Reached skill level 4 in Transmutations
   578 | D        | Reached XP level 4. HP: 8/32 MP: 5/9
   828 | D        | Noticed a water elemental
   842 | D        | Learned a level 2 spell: Sticks to Snakes
   845 | D        | Mangled by a water elemental

Vault maps used:
D:        dungeon_sprint_mu

Action                   |  1- 3 |  4- 6 || total
-------------------------+-------+-------++-------
Melee: Unarmed           |    22 |     2 ||    24
 Cast: Beastly Appendage |     2 |       ||     2
       Spider Form       |     2 |     1 ||     3
  Use: Scroll            |     2 |       ||     2
       Potion            |     1 |       ||     1
  Eat: Chunk             |       |     1 ||     1

Vault maps used:
D:        dungeon_sprint_mu

Table legend:
 A = Turns spent in this place as a percentage of turns spent in the entire game.
 B = Non-inter-level travel turns spent in this place as a percentage of non-inter-level travel turns spent in the entire game.
 C = Inter-level travel turns spent in this place as a percentage of turns spent in this place.
 D = Turns resting spent in this place as a percentage of non-inter-level travel turns spent in this place.
 E = Turns spent auto-exploring this place as a percentage of non-inter-level travel turns spent in this place.
 F = Non-inter-level travel turns spent in this place divided by the number of levels of this place that you've seen.
                   A       B       C       D       E      F
               +-------+-------+-------+-------+-------+----------------------
         Total | 100.0 | 100.0 |   0.0 |  10.8 |   0.7 | 139.0
       Dungeon | 100.0 | 100.0 |   0.0 |  10.8 |   0.7 | 139.0
               +-------+-------+-------+-------+-------+----------------------

Table legend:
 A = Kills in this place as a percentage of kills in entire the game.
 B = Kills by you in this place as a percentage of kills by you in the entire game.
 C = Kills by friends in this place as a percentage of kills by friends in the entire game.
 D = Other kills in this place as a percentage of other kills in the entire game.
 E = Experience gained in this place as a percentage of experience gained in the entire game.
 F = Experience gained in this place divided by the number of levels of this place that you have seen.
                   A       B       C       D       E      F
               +-------+-------+-------+-------+-------+----------------------
         Total | 100.0 | 100.0 |  -nan |  -nan | 100.0 | 114.0
       Dungeon | 100.0 | 100.0 |  -nan |  -nan | 100.0 | 114.0
               +-------+-------+-------+-------+-------+----------------------
